 Dungeon Crawl Stone Soup version 0.26-b1-32-g5d43845318 (webtiles) character file.

Game seed: 7420809173505041915

12814 Clowwww the Cleaver (level 11, -10/83 HPs)
             Began as a Demonspawn Fighter on Jan 4, 2021.
             Was a High Priest of Okawaru.
             Mangled by a catoblepas (13 damage)
             ... in a Gauntlet.
             The game lasted 00:38:43 (14086 turns).

Clowwww the Cleaver (Demonspawn Fighter)           Turns: 14086, Time: 00:38:43

Health: -10/83     AC: 13    Str: 19      XL:     11   Next: 67%
Magic:  20/20      EV: 13    Int: 10      God:    Okawaru [*****.]
Gold:   716        SH: 16    Dex: 15 (16) Spells: 10/10 levels left

rFire    + . .     SeeInvis +   a - +0 war axe
rCold    . . .     Faith    .   c - +0 kite shield
rNeg     . . .     Spirit   .   C - +1 acid dragon scales
rPois    .         Reflect  +   (helmet restricted)
rElec    .         Harm     .   (no cloak)
rCorr    +         Rampage  .   y - +2 pair of gloves
Will     +....     NoTele   +   (no boots)
Stlth    ++........             r - amulet of reflection
HPRegen  0.23/turn              v - ring of willpower
MPRegen  0.17/turn              t - ring "Coegak" {MP+9 Dex+3 SInv}

@: mighty, studying Dodging
A: horns 1, icy blue scales 1, demonic guardian 2, fire resistance 1, flame
cloud immunity
a: Renounce Religion, Heroism, Finesse


You were in a Gauntlet.
You worshipped Okawaru.
Okawaru was extremely pleased with you.
You visited 2 branches of the dungeon, and saw 13 of its levels.
You also visited: Sewer and Gauntlet.

You collected 716 gold pieces.

Inventory:

Hand Weapons
 a - a +0 war axe (weapon)
Missiles
 F - 2 boomerangs (quivered)
Armour
 c - a +0 kite shield (worn)
 y - a +2 pair of gloves (worn)
 C - +1 acid dragon scales (worn)
Jewellery
 j - an uncursed ring of ice
 p - a +6 ring of dexterity
 r - an amulet of reflection (around neck)
 t - the ring "Coegak" (right hand) {MP+9 Dex+3 SInv}
   (You acquired it on level 5 of the Dungeon)

   [ring of magical power]

   It affects your dexterity (+3).
   It affects your magic capacity (+9).
   It lets you see invisible.
 v - a ring of willpower (left hand)
 K - an uncursed ring of willpower
Wands
 l - a wand of random effects (23)
 q - a wand of digging (5)
 A - a wand of enslavement (6)
 J - a wand of polymorph (9)
Scrolls
 g - a scroll of amnesia
 o - 4 scrolls of remove curse
 u - a scroll of blinking
 w - 7 scrolls of teleportation
Potions
 e - 2 potions of resistance
 f - 7 potions of curing
 h - 4 potions of flight
 k - a potion of invisibility
 m - 2 potions of haste
 n - 2 potions of attraction
 s - 2 potions of cancellation
 z - 2 potions of magic {unknown}
 D - 2 potions of mutation {unknown}
 H - a potion of degeneration {unknown}
 I - 3 potions of lignification {unknown}
Books
 G - a manual of Dodging


   Skills:
 + Level 6.5 Fighting
 * Level 12.6 Axes
 + Level 2.9 Throwing
 + Level 6.1 Armour
 + Level 5.1 Dodging
 + Level 1.5 Stealth
 + Level 7.2 Shields
 + Level 1.7 Evocations


You had 10 spell levels left.
You didn't know any spells.
Your spell library contained the following spells:

 Spells                   Type           Power        Failure   Level
 Beastly Appendage        Tmut           0%           78%         1
 Passwall                 Tmut/Erth      0%           89%         2
 Poisonous Vapours        Pois/Air       0%           89%         2
 Swiftness                Air            0%           89%         2
 Wereblood                Tmut           0%           89%         2
 Confusing Touch          Hex            0%           98%         3
 Conjure Flame            Conj/Fire      0%           98%         3
 Gell's Gravitas          Tloc           0%           98%         3
 Mephitic Cloud           Conj/Pois/Air  0%           98%         3
 Spider Form              Tmut/Pois      0%           98%         3
 Ice Form                 Ice/Tmut       0%           100%        4
 Passage of Golubria      Tloc           N/A          100%        4
 Petrify                  Tmut/Erth      0%           100%        4
 Blade Hands              Tmut           0%           100%        5
 Lee's Rapid Deconstruct  Erth           0%           100%        5
 Metabolic Englaciation   Hex/Ice        0%           100%        5
 Yara's Violent Unravell  Hex/Tmut       0%           100%        5
 Freezing Cloud           Conj/Ice/Air   0%           100%        6
 Invisibility             Hex            0%           100%        6


Dungeon Overview and Level Annotations

Branches:
Dungeon (12/15)            Temple (1/1) D:4            Lair (0/6) D:10
    Orc (0/2) D:11          Sewer (visited)         Gauntlet (1/1)

Altars:
Ashenzari
Cheibriados
Dithmenos
Elyvilon
Fedhas
Kikubaaqudgha
Makhleb
Okawaru
Qazlal
Trog
Vehumet
Xom
Zin
The Shining One

Shops:
D:6 (

Annotations:
Gauntlet 15 transporters


Innate Abilities, Weirdness & Mutations

You have a pair of small horns on your head.
You are partially covered in icy blue scales. (AC +2)
A demonic guardian rushes to your aid.
Your flesh is heat resistant. (rF+)
You are immune to clouds of flame.


Message History

Your soul eater is engulfed in calcifying dust.
The catoblepas gores you.
* * * LOW HITPOINT WARNING * * *
Evoke which item? (* to show all) (? for menu, Esc to quit)
Okay, then.
Okay, then.
You feel very mighty all of a sudden.
Something hits your soul eater but does no damage.
Your soul eater is engulfed in calcifying dust.
The catoblepas gores you!
* * * LOW HITPOINT WARNING * * *
Your shield prevents you from hitting the catoblepas.
You headbutt the catoblepas!
The catoblepas is almost dead.
Something hits your soul eater. You block the catoblepas's attack.
You hit the catoblepas but do no damage.
The catoblepas is almost dead.
Something hits your soul eater but does no damage.
The catoblepas gores you!
You die...

#...........§§..........#.#......
###########...###########.#......
#.........#...##.#.######.#..####
#.#.#.#.#.#...#.#..#..#.#.#..#8#
#[.#.#.#..#...#.##.....##.#..###
#.#.#.#.#.#...##.#.©###.#.#..#
#©.#.©.#..#©.©###.#.##.©#©#..###
#!#.#h#.#.#...#..#.#Y##"###..#8#
#..#.#.#..#...##@#.#.##(#....###
#.#.#.#.#.#.∩.#.#Y3#....#....#
#.........#...#.§###.#..#..###
###########...###########..#8#
...........................###
...........≈∩≈............≈#
############################ #
#8# #8# #8# #8# #8# #8# # ### ###
### ### ### ###


You could see a catoblepas and a friendly soul eater (summoned, petrified).

Vanquished Creatures
  3 hydras
  A two-headed ogre (D:8)
  An ugly thing (D:11)
  Maggie (D:8)
  A komodo dragon (D:10)
  A troll (D:10)
  Sigmund (D:5)
  2 wyverns
  2 wraiths
  The ghost of barott the Shield-Bearer, an amateur GrFi (D:4)
  2 water moccasins (D:10)
  9 orc warriors
  2 ice beasts
  5 black bears
  An eye of draining (D:11)
  2 necrophages (D:10)
  3 sky beasts
  8 ogres
  3 phantoms
  7 centaurs
  Blork the orc (D:5)
  2 bullfrogs
  2 wyvern skeletons
  2 scorpions
  A water moccasin zombie (D:10)
  11 killer bees
  2 electric eels (D:11)
  2 howler monkeys
  3 bullfrog zombies
  3 jellies
  A centaur zombie (D:7)
  2 hounds
  8 orc priests
  A quasit (D:12)
  A centaur skeleton (D:9)
  15 orc wizards
  2 bullfrog skeletons
  5 iguanas
  Natasha (D:2)
  13 worker ants
  A hound skeleton (D:5)
  14 adders
  A howler monkey skeleton (D:5)
  2 shadow imps
  3 white imps
  4 ufetubi
  14 oozes
  2 adder zombies
  An adder skeleton (D:7)
  3 worms
  2 dart slugs
  15 leopard geckos
  58 orcs
  13 giant cockroaches
  10 hobgoblins
  2 jackals (D:3)
  3 quokkas
  15 ball pythons
  10 bats
  23 frilled lizards
  A giant cockroach zombie (D:5)
  5 goblins
  8 kobolds
  12 rats
356 creatures vanquished.

Vanquished Creatures (collateral kills)
  Snorg (D:11)
  A cyclops (D:11)
  A tengu conjurer (D:11)
  2 trolls (D:11)
  Grinder (D:4)
  5 yaks (D:11)
  An ice beast (D:11)
  A necrophage (D:9)
  2 orc warriors (D:6)
  2 bullfrogs
  A scorpion (D:4)
  4 killer bees (D:7)
  A hound (D:9)
  2 orc wizards
  Natasha (D:2)
  4 orcs
  A quokka (D:4)
31 creatures vanquished.

Vanquished Creatures (others)
  8 fungi (Gauntlet)
  24 plants
32 creatures vanquished.

Grand Total: 419 creatures vanquished

Notes
Turn   | Place    | Note
-------+----------+-------------------------------------------
     0 | D:1      | Clowwww the Demonspawn Fighter began the quest for the Orb.
     0 | D:1      | Reached XP level 1. HP: 18/18 MP: 1/1
   368 | D:1      | Reached skill level 2 in Axes
   502 | D:1      | Gained mutation: You are partially covered in icy blue
                  | scales. (AC +2) [demonic ancestry]
   502 | D:1      | Reached XP level 2. HP: 18/24 MP: 2/2
  1281 | D:2      | Gained mutation: You have a pair of small horns on your
                  | head. [demonic ancestry]
  1281 | D:2      | Reached XP level 3. HP: 29/29 MP: 3/3
  1677 | D:2      | Noticed Natasha
  1685 | D:2      | Killed Natasha
  1686 | D:2      | Reached skill level 3 in Axes
  1686 | D:2      | Gained mutation: A weak demonic guardian rushes to your
                  | aid. [demonic ancestry]
  1686 | D:2      | Reached XP level 4. HP: 29/35 MP: 4/4
  1691 | D:2      | Noticed Natasha
  1697 | D:2      | Killed Natasha
  2259 | D:3      | HP: 1/35 [poisoned by kobold (curare-tipped dart)]
  2630 | D:3      | Reached XP level 5. HP: 41/41 MP: 5/5
  3076 | D:4      | Reached skill level 4 in Axes
  3149 | D:4      | Noticed an ogre
  3157 | D:4      | Killed an ogre
  3158 | D:4      | Reached XP level 6. HP: 30/47 MP: 6/6
  3522 | D:4      | Found a runed translucent door.
  3527 | D:4      | Noticed barott's ghost (amateur GrFi)
  3535 | D:4      | Killed barott's ghost
  3536 | D:4      | Reached skill level 1 in Dodging
  3644 | D:4      | Reached skill level 5 in Axes
  3647 | D:4      | Found a staircase to the Ecumenical Temple.
  3657 | Temple   | Entered the Ecumenical Temple
  3667 | Temple   | Became a worshipper of Warmaster Okawaru
  3682 | D:4      | You fall into a shaft and drop 3 floors!
  3745 | D:7      | Gained mutation: A demonic guardian rushes to your aid.
                  | [demonic ancestry]
  3745 | D:7      | Reached XP level 7. HP: 49/54 MP: 7/7
  3923 | D:6      | Reached * piety under Okawaru
  3924 | D:6      | Reached skill level 6 in Axes
  4228 | D:5      | Entered Level 5 of the Dungeon
  4237 | D:5      | Found a glowing drain.
  4242 | Sewer    | Entered a sewer
  4525 | Sewer    | Gained mutation: Your flesh is heat resistant. (rF+)
                  | [demonic ancestry]
  4525 | Sewer    | Reached XP level 8. HP: 46/61 MP: 8/8
  4637 | D:5      | Noticed Blork the orc
  4646 | D:5      | Killed Blork the orc
  4647 | D:5      | Reached skill level 7 in Axes
  4939 | D:5      | Noticed Sigmund
  4966 | D:5      | Killed Sigmund
  4966 | D:5      | Reached ** piety under Okawaru
  5317 | D:5      | Identified a scroll of acquirement
  5317 | D:5      | Acquired the ring "Coegak" {MP+9 Dex+3 SInv}
  5656 | D:6      | Found Gebydwyu's Weapon Boutique.
  5960 | D:7      | Reached skill level 8 in Axes
  6181 | D:7      | Found a large runed translucent door.
  6181 | D:7      | Found a large runed translucent door.
  6200 | D:7      | Found a large runed translucent door.
  6200 | D:7      | Found a large runed translucent door.
  6306 | D:7      | Reached XP level 9. HP: 48/67 MP: 9/9
  6691 | D:7      | Reached *** piety under Okawaru
  6699 | D:7      | Reached skill level 5 in Fighting
  6765 | D:7      | Noticed a four-headed hydra
  6779 | D:7      | Killed a four-headed hydra
  6780 | D:7      | Reached skill level 9 in Axes
  6780 | D:7      | Reached skill level 5 in Armour
  6780 | D:7      | Reached skill level 5 in Shields
  7151 | D:8      | Reached **** piety under Okawaru
  7185 | D:8      | Noticed a two-headed ogre
  7203 | D:8      | Killed a two-headed ogre
  7204 | D:8      | Reached skill level 1 in Evocations
  7624 | D:4      | Reached skill level 10 in Axes
  7678 | D:4      | Noticed Grinder
  7696 | D:4      | Killed Grinder
  7696 | D:4      | Reached ***** piety under Okawaru
  7880 | D:4      | Reached XP level 10. HP: 74/74 MP: 10/10
  8129 | D:8      | Noticed Maggie
  8141 | D:8      | Killed Maggie
  8521 | D:8      | Found a blossoming altar of Fedhas.
  8689 | D:9      | Received a gift from Okawaru
  8692 | D:9      | Got a tattered robe {god gift}
  8703 | D:9      | Identified the +1 robe of the End {rC+} (Okawaru gifted it
                  | to you on level 9 of the Dungeon)
  8786 | D:9      | Found a burning altar of Makhleb.
  9100 | D:9      | Reached skill level 1 in Throwing
  9100 | D:9      | Reached skill level 1 in Stealth
  9434 | D:10     | Entered Level 10 of the Dungeon
  9620 | D:10     | Reached skill level 11 in Axes
 10586 | D:10     | Found a staircase to the Lair.
 11121 | D:11     | Gained mutation: You are immune to clouds of flame.
                  | [demonic ancestry]
 11121 | D:11     | Reached XP level 11. HP: 81/81 MP: 11/11
 11706 | D:11     | Found a staircase to the Orcish Mines.
 11955 | D:11     | Noticed a six-headed hydra
 11965 | D:11     | Killed a six-headed hydra
 11966 | D:11     | Reached skill level 12 in Axes
 12132 | D:11     | Noticed Snorg
 12163 | D:11     | Killed Snorg
 12401 | D:11     | Noticed a brown ugly thing
 12407 | D:11     | Killed a brown ugly thing
 12407 | D:11     | Received a gift from Okawaru
 13217 | D:12     | Reached skill level 5 in Dodging
 13243 | D:12     | Noticed a six-headed hydra
 13250 | D:12     | Killed a seven-headed hydra
 13322 | D:12     | Found a gate leading to a gauntlet.
 13338 | Gauntlet | Entered a Gauntlet
 13338 | Gauntlet | Found a transporter.
 13338 | Gauntlet | Found a transporter.
 13345 | Gauntlet | Noticed a catoblepas
 13367 | Gauntlet | Noticed a necromancer
 13486 | Gauntlet | Found a transporter.
 13487 | Gauntlet | Found a transporter.
 13493 | Gauntlet | Found a transporter.
 13493 | Gauntlet | Noticed a queen ant
 13519 | Gauntlet | Found a transporter.
 13560 | Gauntlet | Found a transporter.
 13562 | Gauntlet | Noticed a death yak
 13564 | Gauntlet | Noticed a death yak
 13565 | Gauntlet | Noticed a death yak
 13613 | Gauntlet | Noticed a large abomination
 13715 | Gauntlet | Found a transporter.
 13728 | Gauntlet | Found a transporter.
 13730 | Gauntlet | Noticed a hell hog
 13827 | Gauntlet | Noticed a storm dragon
 13838 | Gauntlet | Noticed a deep troll
 13842 | Gauntlet | Noticed a six-headed hydra
 13843 | Gauntlet | Found a transporter.
 13845 | Gauntlet | Noticed an ettin
 13845 | Gauntlet | a six-headed hydra changed into an ettin
 13846 | Gauntlet | Noticed a goliath frog
 13846 | Gauntlet | an ettin changed into a goliath frog
 13848 | Gauntlet | Found a transporter.
 13849 | Gauntlet | Noticed a catoblepas
 13851 | Gauntlet | Found a transporter.
 13876 | Gauntlet | Found a transporter.
 13876 | Gauntlet | Noticed an emperor scorpion
 13876 | Gauntlet | Noticed a satyr
 13879 | Gauntlet | Noticed an anaconda
 13879 | Gauntlet | a satyr changed into an anaconda
 13882 | Gauntlet | Noticed a glowing shapeshifter
 13882 | Gauntlet | an anaconda changed into a glowing shapeshifter
 13883 | Gauntlet | Found a transporter.
 13883 | Gauntlet | a glowing shapeshifter changed into a manticore
 13884 | Gauntlet | a deep troll changed into an elephant
 13888 | Gauntlet | Noticed a glowing shapeshifter
 13888 | Gauntlet | a manticore changed into a glowing shapeshifter
 13889 | Gauntlet | a glowing shapeshifter changed into a dream sheep
 13894 | Gauntlet | Noticed a lindwurm
 13894 | Gauntlet | a dream sheep changed into a lindwurm
 13896 | Gauntlet | a lindwurm changed into a wind drake
 13900 | Gauntlet | Noticed a swamp dragon
 13900 | Gauntlet | an elephant changed into a swamp dragon
 13922 | Gauntlet | Noticed a swamp dragon
 13924 | Gauntlet | a swamp dragon changed into a snapping turtle
 13928 | Gauntlet | a swamp dragon changed into an elephant
 13930 | Gauntlet | Noticed a fire crab
 13930 | Gauntlet | an elephant changed into a fire crab
 13956 | Gauntlet | Found a transporter.
 13976 | Gauntlet | Found a transporter.
 14084 | Gauntlet | HP: 3/83 [catoblepas (12)]
 14086 | Gauntlet | Mangled by a catoblepas

Illustrated notes

Levels and vault maps discovered:
D:1:      dpeg_arrival_fog, layout_loops_ring, chequers_garden,
          dk_noncrumbling_2, grunt_decor_clamped, minmay_tree_intersection,
          minmay_misc_feat_enclosed
D:2:      layout_basic, minmay_lizard_pond, uniq_natasha
D:3:      layout_loops_cross
D:4:      layout_basic, minmay_temple_entry_wispy,
          ebering_ghost_reflecting_pool, uniq_grinder
D:5:      minmay_bubble_buster, layout_basic, portal_sewer_entry_e,
          minmay_misc_feat_square, uniq_blork_the_orc, uniq_sigmund
D:6:      layout_loops_ring, serial_shops, nicolae_shop_crystal
D:7:      layout_cave_pods, minmay_hollow_rounded_squares
D:8:      layout_cave_pools, lemuel_round_altar, uniq_maggie
D:9:      layout_cave_pools, basic_altar
D:10:     layout_irregular_city, david_lair_shrubbed, minmay_misc_feat_tiny
D:11:     layout_gridville, erik_orc_2, uniq_snorg
D:12:     layout_cave_pods, gauntlet_entry_generic
Temple:   grunt_wide_crystal_templ
Gauntlet: gammafunk_gauntlet_branching [gammafunk_gauntlet_arena_grid,
          gammafunk_gauntlet_arena_mazey,
          gammafunk_gauntlet_arena_split_diamond,
          gammafunk_gauntlet_arena_crates, nicolae_gauntlet_arena_flowing_pool,
          gammafunk_gauntlet_arena_split_x, gammafunk_gauntlet_arena_spirals,
          gammafunk_gauntlet_arena_hedges, gauntlet_exit_green]

Skill      XL: |  1  2  3  4  5  6  7  8  9 10 11 |
---------------+----------------------------------+-----
Axes           | 2 3 4 5 6 8 10 11 12 | 12.6
Armour         | 3 4 5 6 |  6.1
Shields        | 3 4 5 6 7 |  7.2
Fighting       | 4 5 6 |  6.5
Dodging        | 1 3 4 5 |  5.1
Evocations     | 1 |  1.7
Throwing       | 1 2 |  2.9
Stealth        | 1 |  1.5

Action                   |  1- 3 |  4- 6 |  7- 9 | 10-12 || total
-------------------------+-------+-------+-------+-------++-------
Melee: War axe           |   121 |   130 |   365 |   444 ||  1060
       Headbutt          |     8 |    28 |    69 |   112 ||   217
Throw: Boomerang         |       |       |    10 |   102 ||   112
Evoke: Wand              |       |       |     6 |     8 ||    14
  Use: Scroll            |       |     6 |     6 |    14 ||    26
       Potion            |       |     2 |       |     5 ||     7
 Stab: Distracted        |       |     1 |       |     2 ||     3
       Sleeping          |       |       |       |     1 ||     1
Armor: Scale mail        |    75 |    76 |   161 |     6 ||   318
       Acid dragon scale |       |       |       |   105 ||   105
Dodge: Dodged            |    35 |    33 |    96 |   128 ||   292
Block: Kite shield       |    57 |    56 |   272 |   342 ||   727
       Reflection        |       |       |    18 |    12 ||    30
